 Dungeon Crawl Stone Soup version 0.26-a0-720-g2a1d101370 (webtiles) character file.

Game seed: 6872147023370803229

7149 dolemite99 the Green Death (level 10, -1/88 HPs)
             Began as a Palentonga Fighter on Nov 3, 2020.
             Was a High Priest of Fedhas.
             Killed from afar by a gargoyle (21 damage)
             ... with a stone arrow
             ... on level 9 of the Dungeon.
             The game lasted 00:19:56 (11165 turns).

dolemite99 the Green Death (Palentonga Fighter)    Turns: 11165, Time: 00:19:56

Health: -1/88      AC: 15    Str: 23    XL:     10   Next: 86%
Magic:  11/16      EV: 10    Int:  8    God:    Fedhas [*****.]
Gold:   558        SH: 10    Dex: 10    Spells: 9/9 levels left

rFire    . . .     SeeInvis +   a - +6 flail (drain)
rCold    . . .     Faith    +   c - +0 kite shield
rNeg     . . .     Spirit   .   w - +0 scale mail
rPois    .         Reflect  .   (no helmet)
rElec    .         Harm     .   H - +1 cloak
rCorr    .         Rampage  .   (no gloves)
MR       .....                  (no barding)
Stlth    ..........             k - amulet of faith
HPRegen  0.24/turn              U - +4 ring of evasion
MPRegen  0.15/turn              M - +4 ring of slaying

@: studying Long Blades
A: large, rugged brown scales 3, see invisible, deformed body, roll, armoured
tail, reflexive curl
a: Rolling Charge, Wall of Briars, Grow Ballistomycete, Overgrow, Grow Oklob,
Renounce Religion


You were on level 9 of the Dungeon.
You worshipped Fedhas.
Fedhas was extremely pleased with you.
You visited 1 branch of the dungeon, and saw 9 of its levels.
You also visited: Ossuary.

You collected 558 gold pieces.

Inventory:

Hand Weapons
 a - a +6 flail of draining (weapon)
 b - a +2 dagger of venom
 g - a +0 hunting sling
 p - a +3 antimagic mace
 y - a +0 war axe
 K - a +1 whip of venom
 X - a +2 flail of freezing
Missiles
 r - 285 stones
 v - 14 boomerangs (quivered)
 x - 41 poisoned darts
 A - 2 atropa-tipped darts
 G - 99 sling bullets
 W - 7 javelins
 Z - a throwing net
Armour
 c - a +0 kite shield (worn)
 w - a +0 scale mail (worn)
 H - a +1 cloak (worn)
Jewellery
 e - an uncursed ring of poison resistance
 f - a +6 ring of intelligence
 k - an amulet of faith (around neck)
 o - an uncursed ring of wizardry
 F - a +6 ring of strength
 J - an uncursed amulet of magic regeneration
 M - a +4 ring of slaying (right hand)
 U - a +4 ring of evasion (left hand)
Wands
 d - a wand of random effects (10)
 m - a wand of polymorph (11)
 s - a wand of digging (3)
 B - a wand of disintegration (16)
 C - a wand of paralysis (2)
 I - a wand of enslavement (8)
 N - a wand of flame (39)
Scrolls
 i - a scroll of random uselessness
 j - 6 scrolls of remove curse {@r2}
 n - 2 scrolls of blinking
 q - 5 scrolls of amnesia
 T - a scroll of teleportation
Potions
 h - 4 potions of stabbing
 l - a potion of cancellation
 t - 2 potions of mutation
 z - a potion of curing
 D - 3 potions of berserk rage
 E - a potion of magic
 O - a potion of invisibility {unknown}
 P - 2 potions of lignification
 Q - 2 potions of brilliance {unknown}
 R - 2 potions of degeneration {unknown}
 S - a potion of haste
 Y - 2 potions of ambrosia
Books
 L - a manual of Long Blades


   Skills:
 - Level 6.0 Fighting
 - Level 6.3(7.5) Axes
 - Level 6.3(7.5) Maces & Flails
 + Level 6.0 Throwing
 - Level 2.4 Armour
 - Level 6.3 Shields
 - Level 8.7 Invocations


You had 9 spell levels left.
You didn't know any spells.
Your spell library was empty.

Dungeon Overview and Level Annotations

Branches:
Dungeon (9/15)             Temple (0/1) D:4         Ossuary (visited)
   Lair: D:8-11         Orc: D:9-12

Altars:
Fedhas
Uskayaw

Shops:
D:6 =   D:8 :   D:9 =

Annotations:
D:2 exclusion: downstairs
D:7 1 runed translucent door, LufLufFighter's ghost, novice DsTm


Innate Abilities, Weirdness & Mutations

You are completely covered in rugged brown scales. (AC +3, +7% HP)
You have supernaturally acute eyesight. (SInv)
Armour fits poorly on your strangely shaped body.
You can roll at foes to attack.
You have a long armoured tail.
You curl defensively after being hit.


Message History

The six-headed hydra is severely wounded.
The six-headed hydra bites your ballistomycete.
Your ballistomycete is destroyed!
The six-headed hydra bites your ballistomycete spore!
Your ballistomycete spore explodes!
The six-headed hydra appears confused.
The explosion of spores engulfs the six-headed hydra!
The six-headed hydra is severely wounded.
Press: ? - help, Dir - move target cursor, p - six-headed hydra A ballistomycete grows from the ground.
A wolf comes into view.
The gargoyle hurls a stone arrow at you.
The stone arrow hits you!
* * * LOW HITPOINT WARNING * * *
A ballistomycete spore comes into view.
You feel better.
The gargoyle hurls a stone arrow at you.
The stone arrow hits you!!
You die...
Fedhas appreciates your contribution to the ecosystem.

#....∩....#..D≈≈≈ ...
##.......h...≈≈≈. ...<
#.....##....≈≈≈≈.
....###..D.#....≈≈≈≈≈≈
.........((.#.†.≈≈≈≈≈.
..........h)#...≈≈≈≈†≈
...........)<)..≈≈≈≈≈≈
..........*..)..≈≈≈≈≈.
.......@..P...).≈≈≈≈≈≈
......##.9....)).(≈≈≈≈
....#. ####....#.).≈≈≈
...... ..?.$....≈.≈
....#! .........≈.≈.
.# ........[≈....
.............. .......


You could see a six-headed hydra (confused, fleeing), a gargoyle, a wolf, a
hound (fleeing), a friendly ballistomycete (summoned) and a friendly
ballistomycete spore.

Vanquished Creatures
  Harold (D:8)
  A two-headed ogre (D:8)
  Pikel (D:6)
  Maurice (D:8)
  Psyche (D:8)
  A troll (D:9)
  3 yaks (D:4)
  3 orc warriors
  An ice beast (D:9)
  3 wolves (D:9)
  4 ogres
  A lemure (D:6)
  6 centaurs
  2 big kobolds
  Blork the orc (D:5)
  4 bullfrogs
  7 wights
  2 electric eels (D:9)
  A howler monkey (D:5)
  A centaur zombie (D:5)
  4 gnoll shamans (D:4)
  7 orc priests
  3 hounds
  A jelly (D:8)
  A bullfrog skeleton (D:4)
  Jessica (D:3)
  An iguana (D:4)
  Ijyb (D:3)
  Terence (D:3)
  Natasha (thrice) (D:3)
  6 orc wizards
  3 worker ants
  A killer bee zombie (D:4)
  8 big kobold zombies (Ossuary)
  A hound skeleton (D:4)
  2 mummies
  A worker ant zombie (D:6)
  32 gnolls (D:4)
  8 adders
  2 white imps
  An ufetubus (D:5)
  2 oozes
  3 adder skeletons
  3 worms
  3 dart slugs
  A leopard gecko (D:1)
  37 orcs
  2 spectral bats (Ossuary)
  4 giant cockroaches
  16 goblins
  9 hobgoblins
  18 jackals
  15 kobolds
  2 quokkas
  A ball python (D:1)
  7 bats
  4 bat simulacra (Ossuary)
  3 frilled lizards
  4 gnoll zombies (Ossuary)
  3 goblin simulacra (Ossuary)
  6 goblin zombies (Ossuary)
  4 hobgoblin zombies (Ossuary)
  A kobold simulacrum (Ossuary)
  5 kobold zombies (Ossuary)
  A leopard gecko zombie (D:6)
  3 orc zombies (Ossuary)
  A quokka skeleton (D:7)
  A quokka zombie (D:6)
  12 rats
  2 rat simulacra (Ossuary)
  3 spectral goblins (Ossuary)
  3 spectral rats (Ossuary)
  A ballistomycete spore (D:9)
313 creatures vanquished.

Vanquished Creatures (collateral kills)
  An orc (D:8)
  18 ballistomycete spores
19 creatures vanquished.

Vanquished Creatures (others)
  Robin (D:3)
  A ballistomycete spore (D:9)
  9 plants (D:4)
11 creatures vanquished.

Grand Total: 343 creatures vanquished

Notes
Turn   | Place    | Note
-------+----------+-------------------------------------------
     0 | D:1      | dolemite99 the Palentonga Fighter began the quest for the
                  | Orb.
     0 | D:1      | Reached XP level 1. HP: 20/20 MP: 1/1
   650 | D:1      | Reached XP level 2. HP: 27/27 MP: 2/2
  1479 | D:2      | Reached XP level 3. HP: 32/33 MP: 3/3
  2004 | D:2      | Found a blossoming altar of Fedhas.
  2015 | D:2      | Became a worshipper of Fedhas Madash
  2053 | D:2      | Reached XP level 4. HP: 39/40 MP: 4/4
  2350 | D:3      | Noticed Natasha
  2350 | D:3      | Noticed Jessica
  2488 | D:3      | Reached skill level 5 in Axes
  2696 | D:3      | Noticed Ijyb
  2714 | D:3      | Killed Ijyb
  2714 | D:3      | Reached XP level 5. HP: 44/48 MP: 5/5
  2961 | D:3      | Killed Natasha
  3040 | D:3      | Noticed Robin
  3048 | D:3      | Reached * piety under Fedhas
  3064 | D:3      | Killed Robin
  3683 | D:3      | Noticed Terence
  3703 | D:3      | Killed Terence
  3969 | D:3      | Noticed Natasha
  3974 | D:3      | Killed Natasha
  3974 | D:3      | Reached skill level 1 in Maces & Flails
  3974 | D:3      | Reached XP level 6. HP: 50/54 MP: 6/6
  4077 | D:3      | Killed Jessica
  4330 | D:3      | Noticed Natasha
  4336 | D:3      | Killed Natasha
  4381 | D:4      | Found a staircase to the Ecumenical Temple.
  4451 | D:4      | Reached ** piety under Fedhas
  5199 | D:4      | Gained mutation: You curl defensively after being hit.
                  | [Palentonga growth]
  5199 | D:4      | Reached XP level 7. HP: 53/60 MP: 7/7
  5355 | D:4      | Reached *** piety under Fedhas
  5410 | D:4      | Reached skill level 5 in Maces & Flails
  5802 | D:4      | Noticed a yak
  5802 | D:4      | Noticed a yak
  6137 | D:4      | Killed a yak
  6137 | D:4      | Reached XP level 8. HP: 70/70 MP: 8/8
  6145 | D:4      | Reached skill level 5 in Fighting
  6249 | D:4      | Reached **** piety under Fedhas
  6775 | D:4      | Reached skill level 1 in Invocations
  6858 | D:5      | Entered Level 5 of the Dungeon
  6996 | D:5      | Reached skill level 2 in Invocations
  7176 | D:5      | Noticed Blork the orc
  7188 | D:5      | Killed Blork the orc
  7188 | D:5      | Reached skill level 3 in Invocations
  7290 | D:5      | Found a sand-covered staircase.
  7300 | Ossuary  | Entered an ossuary
  7493 | Ossuary  | Reached ***** piety under Fedhas
  7598 | Ossuary  | Reached XP level 9. HP: 79/80 MP: 11/11
  7921 | D:5      | Reached skill level 4 in Invocations
  8301 | D:6      | Found Jisur's Jewellery Shop.
  8501 | D:6      | Reached skill level 5 in Invocations
  8762 | D:6      | Reached skill level 6 in Invocations
  8807 | D:6      | Noticed Pikel
  8826 | D:6      | Killed Pikel
  8826 | D:6      | Reached skill level 7 in Invocations
  9319 | D:7      | Reached skill level 8 in Invocations
  9800 | D:7      | Reached skill level 5 in Shields
  9827 | D:7      | Reached ****** piety under Fedhas
 10128 | D:7      | Found a runed translucent door.
 10129 | D:7      | Noticed LufLufFighter's ghost (novice DsTm)
 10281 | D:8      | Noticed Harold
 10286 | D:8      | Killed Harold
 10286 | D:8      | Reached XP level 10. HP: 66/88 MP: 16/16
 10486 | D:8      | Noticed Maurice
 10496 | D:8      | Noticed a two-headed ogre
 10497 | D:8      | Noticed Psyche
 10508 | D:8      | Reached skill level 1 in Throwing
 10524 | D:8      | Killed a two-headed ogre
 10528 | D:8      | Killed Maurice
 10530 | D:8      | Killed Psyche
 10966 | D:8      | Found a hide-covered altar of Uskayaw.
 11052 | D:8      | Found Wunwureg's Book Shoppe.
 11112 | D:9      | Reached skill level 5 in Throwing
 11133 | D:9      | Found Wetru's Jewellery Boutique.
 11142 | D:9      | Noticed a six-headed hydra
 11155 | D:9      | Noticed a gargoyle
 11165 | D:9      | Killed from afar by a gargoyle

Illustrated notes

Levels and vault maps discovered:
D:1:      dpeg_arrival_circle_labyrinth_c, layout_loops_corners,
          lemuel_old_faithful
D:2:      layout_rooms, lemuel_coloured_pillars_altar, grunt_decor_arrowhead
D:3:      layout_basic, serial_park_tiny_2, uniq_terence, uniq_natasha,
          uniq_jessica, uniq_ijyb, uniq_robin
D:4:      lemuel_castle_with_subvaults [lemuel_castle_interior_carwin_3],
          layout_loops_ring, minmay_temple_entry_overgrown, serial_park_tiny_1
D:5:      layout_basic, gup_ossuary_entry_pyramid, uniq_blork_the_orc
D:6:      layout_loops_cross, serial_shops, shop, uniq_pikel
D:7:      layout_loops_ring, ebering_ghost_reflecting_pool
D:8:      layout_cave_pools, eat_drink_and_be_merry_uskayaw, serial_shops,
          kennysheep_mini_moat, hangedman_abyss_or_decor_lesser_grid,
          minmay_manual_mullet, uniq_harold, uniq_maurice, uniq_psyche
D:9:      layout_cave_pools, minitemple, erik_lair_island, serial_column_ruins,
          column_ruins_circle_medium, column_ruins_hut,
          column_ruins_columns_dead_end, column_ruins_open_small,
          column_ruins_grid_3, column_ruins_open_small,
          column_ruins_corridor_straight, serial_shops, shop,
          nicolae_two_hexagons, kennysheep_path_1

Skill      XL: |  1  2  3  4  5  6  7  8  9 10 |
---------------+-------------------------------+-----
Axes           | 3 4 5 6 |  6.3
Maces & Flails | 1 4 6 |  6.3
Fighting       | 4 6 |  6.0
Shields        | 4 6 |  6.3
Invocations    | 3 8 |  8.7
Throwing       | 6 |  6.0
Armour         | |  2.4

Action                   |  1- 3 |  4- 6 |  7- 9 | 10-12 || total
-------------------------+-------+-------+-------+-------++-------
Melee: War axe           |    96 |    74 |       |       ||   170
       Tailslap          |     8 |     7 |    46 |     2 ||    63
       Dagger            |       |    22 |       |       ||    22
       Flail             |       |    73 |   363 |    30 ||   466
Throw: Stone             |       |    52 |    92 |       ||   144
       Dart              |       |       |    36 |       ||    36
       Boomerang         |       |       |    20 |    39 ||    59
Invok: Grow Ballistomyce |       |       |       |     6 ||     6
       Wall of Briars    |       |       |       |     1 ||     1
 Abil: Rolling Charge    |     2 |     3 |     6 |       ||    11
Evoke: Wand              |       |       |       |     3 ||     3
  Use: Scroll            |     2 |     8 |     8 |     7 ||    25
       Potion            |       |     2 |     1 |     6 ||     9
Armor: Scale mail        |    50 |   113 |    95 |    13 ||   271
Dodge: Dodged            |    20 |    41 |    67 |    15 ||   143
Block: Kite shield       |    39 |    99 |   165 |    19 ||   322

Table legend: (Time is in decaauts)
 A = Elapsed time spent in this place.
 B = Non-inter-level travel time spent in this place.
 C = Inter-level travel time spent in this place.
 D = Time resting spent in this place.
 E = Time spent auto-exploring this place.
 F = Levels seen in this place.
 G = Mean time per level.
                   A        B        C        D        E       F      G
               +--------+--------+--------+--------+--------+-----+--------+
         Total |  11356 |  11014 |    342 |   3004 |   5437 |  10 | 1135.6 |
       Dungeon |  10804 |  10462 |    342 |   2969 |   5188 |   9 | 1200.4 |
       Ossuary |    551 |    551 |      0 |     35 |    249 |   1 |  551.0 |
               +--------+--------+--------+--------+--------+-----+--------+

Top non-repeatable levels by time:
     D:3: 2518 daAuts
     D:4: 1996 daAuts
     D:1: 1447 daAuts
     D:2: 1051 daAuts
     D:6: 1012 daAuts
     D:7: 993 daAuts
     D:5: 904 daAuts
     D:8: 824 daAuts
 Ossuary: 551 daAuts
     D:9: 56 daAuts
